 Dungeon Crawl Stone Soup version 0.29-a0-330-g52719c12eb (webtiles) character file.

Game seed: 5346271969153345634

822 HoaS the Quickloader (level 8, -2/48 HPs)
             Began as a Kobold Hunter on May 20, 2022.
             Slain by a water moccasin (8 damage)
             ... on level 5 of the Dungeon.
             The game lasted 00:07:20 (4072 turns).

HoaS the Quickloader (Kobold Hunter)                Turns: 4072, Time: 00:07:20

Health: -2/48      AC:  5    Str:  8    XL:     8   Next: 17%
Magic:  8/8        EV: 14    Int: 11    God:
Gold:   936        SH:  0    Dex: 20    Spells: 7/7 levels left

rFire   . . .      SeeInvis .   a - +2 hand crossbow
rCold   . . .      Faith    .   (no shield)
rNeg    . . .      Spirit   .   h - +0 ring mail
rPois   .          Reflect  .   (no helmet)
rElec   .          Harm     .   (no cloak)
rCorr   .          Rampage  .   (no gloves)
Will    .....                   (no boots)
Stlth   ++........              (no amulet)
HPRegen 0.16/turn               (no ring)
MPRegen 0.11/turn               (no ring)

@: lethally poisoned (-2 -> -19)
A: small, no large weapons, nightstalker 3
a: no special abilities


You were on level 5 of the Dungeon.
You visited 1 branch of the dungeon, and saw 5 of its levels.
You also visited: Sewer.

You collected 936 gold pieces.

Inventory:

Hand Weapons
 a - a +2 hand crossbow (weapon)
Armour
 h - a +0 ring mail (worn)
Jewellery
 j - an amulet of magic regeneration
 n - a ring of fire
 o - an amulet of faith
Wands
 b - a wand of iceblast (10)
Scrolls
 c - 3 scrolls of immolation
 g - 2 scrolls of teleportation
Potions
 d - 2 potions of heal wounds {unknown}
 e - a potion of attraction
 f - 4 potions of curing
 i - a potion of flight {unknown}
 k - 2 potions of mutation
 l - a potion of haste
 m - a potion of resistance {unknown}
 p - a potion of brilliance {unknown}


   Skills:
 * Level 4.9 Fighting
 - Level 10.0 Crossbows
 + Level 2.0 Armour
 + Level 4.1 Dodging
 - Level 1.3 Stealth


You had 7 spell levels left.
You didn't know any spells.
Your spell library contained the following spells:

 Spells                   Type           Power      Damage    Failure   Level
 Shock                    Conj/Air       0%         1d3       71%         1
 Swiftness                Air            0%         N/A       97%         3
 Airstrike                Air            0%         N/A       100%        4


Dungeon Overview and Level Annotations

Branches:
Dungeon (5/15)              Sewer (visited)
 Temple: D:4-7

Altars:
The Shining One


Innate Abilities, Weirdness & Mutations

You are small and have problems with some larger weapons.
You are completely attuned to the shadows.


Message History

The adder is heavily wounded.
The water moccasin bites you but does no damage.
You shoot a bolt. The bolt misses the water moccasin.
The bolt hits the adder!
You kill the adder!
The water moccasin bites you. The water moccasin misses you.
You shoot a bolt.
The bolt closely misses the water moccasin.
The water moccasin bites you.
You shoot a bolt. The bolt misses the water moccasin.
The water moccasin misses you. The water moccasin closely misses you.
You shoot a bolt.
The bolt hits the water moccasin but does no damage.
The water moccasin is almost dead.
The water moccasin bites you.
You are poisoned.
The water moccasin poisons you! The water moccasin bites you.
You are lethally poisoned!
The water moccasin poisons you!
You are too injured to fight recklessly!
You are too injured to fight recklessly!
You are too injured to fight recklessly!
You are too injured to fight recklessly!
Shoot: a) +2 hand crossbow
Press: ? - help, Q - select action, (/) - cycle Shift-Dir - straight line, f/p - water moccasin
Aim: a water moccasin (almost dead, 58% to hit)
You shoot a bolt.
The bolt closely misses the water moccasin.
You feel extremely sick. The water moccasin barely misses you.
Shoot: a) +2 hand crossbow
Press: ? - help, Q - select action, (/) - cycle Shift-Dir - straight line, f/p - water moccasin
Aim: a water moccasin (almost dead, 58% to hit)
You shoot a bolt.
The bolt closely misses the water moccasin.
* * * LOW HITPOINT WARNING * * *
You feel very sick. The water moccasin bites you.
* * * LOW HITPOINT WARNING * * *
The water moccasin bites you!
You die...

#...###......
#....#....#
#........# #..####..#
### ##.## ##.#### #.#
##..# ##....#####.#
...## #..#.......##
##..#####.######.###
#....##..# #@#
#.......## ###S#####
#.......## ##.....#.#
.........###..###...#
.>...........## ###.#
.......###..## ###
.....## ##.## ...#
#..## #...#


You could see a water moccasin.

Vanquished Creatures
  Grinder (D:4)
  Sigmund (D:4)
  Pargi (Sewer)
  A scorpion (D:4)
  A hound (D:4)
  A jelly (D:4)
  Ijyb (D:3)
  An iguana (D:3)
  A gnoll (D:1)
  A river rat (D:3)
  9 adders
  An ufetubus (D:5)
  3 worms
  A dart slug (D:2)
  An orc (D:3)
  6 bats
  12 endoplasms
  6 giant cockroaches
  4 goblins
  9 hobgoblins
  9 jackals
  3 quokkas
  8 ball pythons
  14 frilled lizards
  A kobold (D:3)
  5 rats
102 creatures vanquished.

Vanquished Creatures (others)
  2 plants (D:4)
2 creatures vanquished.

Grand Total: 104 creatures vanquished

Notes
Turn   | Place    | Note
-------+----------+-------------------------------------------
     0 | D:1      | HoaS the Kobold Hunter began the quest for the Orb.
     0 | D:1      | Reached XP level 1. HP: 12/12 MP: 1/1
    82 | D:1      | Reached XP level 2. HP: 4/17 MP: 2/2
   348 | D:1      | Reached skill level 6 in Crossbows
   459 | D:1      | Reached XP level 3. HP: 21/21 MP: 3/3
   459 | D:1      | Identified a scroll of acquirement
   459 | D:1      | Acquired 772 gold pieces
   742 | D:1      | Reached skill level 7 in Crossbows
   742 | D:1      | Reached XP level 4. HP: 16/26 MP: 4/4
  1207 | D:2      | Reached XP level 5. HP: 30/30 MP: 5/5
  1374 | D:2      | Reached skill level 8 in Crossbows
  1655 | D:3      | Noticed Ijyb
  1664 | D:3      | Killed Ijyb
  1973 | D:3      | Found a glowing drain.
  2064 | D:3      | Reached skill level 9 in Crossbows
  2064 | D:3      | Reached XP level 6. HP: 30/35 MP: 6/6
  2069 | Sewer    | Entered a sewer
  2141 | Sewer    | Noticed Pargi
  2154 | Sewer    | Killed Pargi
  2898 | D:3      | Reached skill level 10 in Crossbows
  3095 | D:4      | Noticed Sigmund
  3104 | D:4      | Killed Sigmund
  3105 | D:4      | Reached skill level 1 in Armour
  3105 | D:4      | Reached XP level 7. HP: 33/41 MP: 7/7
  3488 | D:4      | Noticed Grinder
  3497 | D:4      | Paralysed by Grinder for 2 turns
  3500 | D:4      | Killed Grinder
  3501 | D:4      | Reached XP level 8. HP: 16/48 MP: 8/8
  3890 | D:4      | Found a glowing golden altar of the Shining One.
  3926 | D:5      | Entered Level 5 of the Dungeon
  4072 | D:5      | Slain by a water moccasin

Illustrated notes

Levels and vault maps discovered:
D:1:      dpeg_arrival_rooms_c, layout_rooms, st_stairs_11
D:2:      layout_basic, hex_large, serial_bayou_pond_a, grunt_decor_junction,
          kennysheep_donut
D:3:      layout_basic, portal_sewer_entry_c, uniq_ijyb
D:4:      cheibrodos_old_hovel, layout_cave_pools, nicolae_tso_carved_into_rock,
          uniq_sigmund, uniq_grinder
D:5:      layout_layer_cave

Skill      XL: |  1  2  3  4  5  6  7 |
---------------+----------------------+-----
Crossbows      | 6 7 9 10 | 10.0
Fighting       | 3 4 |  4.9
Armour         | 1 2 |  2.0
Dodging        | 3 4 |  4.1
Stealth        | |  1.3

Action                   |  1- 3 |  4- 6 |  7- 9 || total
-------------------------+-------+-------+-------++-------
 Fire: Hand crossbow     |    75 |   169 |    59 ||   303
Evoke: Wand              |       |     2 |       ||     2
  Use: Scroll            |     2 |     9 |     2 ||    13
       Potion            |       |     1 |       ||     1
Armor: Leather armour    |     3 |     3 |       ||     6
       Ring mail         |       |    23 |    10 ||    33
Dodge: Dodged            |    39 |    70 |    25 ||   134

Table legend: (Time is in decaauts)
 A = Elapsed time spent in this place.
 B = Non-inter-level travel time spent in this place.
 C = Inter-level travel time spent in this place.
 D = Time resting spent in this place.
 E = Time spent auto-exploring this place.
 F = Levels seen in this place.
 G = Mean time per level.
                   A        B        C        D        E       F      G
               +--------+--------+--------+--------+--------+-----+--------+
         Total |   4165 |   4041 |    124 |   1053 |   2362 |   6 |  694.2 |
       Dungeon |   3887 |   3763 |    124 |   1014 |   2180 |   5 |  777.4 |
         Sewer |    278 |    278 |      0 |     39 |    182 |   1 |  278.0 |
               +--------+--------+--------+--------+--------+-----+--------+

Top non-repeatable levels by time:
     D:3: 1195 daAuts
     D:1: 961 daAuts
     D:4: 859 daAuts
     D:2: 723 daAuts
   Sewer: 278 daAuts
     D:5: 147 daAuts
